 Dungeon Crawl Stone Soup version 0.29-a0-613-gf2c431b9b9 (webtiles) character file.

Game seed: 7282451851120850464

1496 croobank the Covert (level 8, -7/100 HPs)
             Began as a Gnoll Delver on June 16, 2022.
             Mangled by a cyclops (12 damage)
             ... on level 6 of the Dungeon.
             The game lasted 00:17:37 (4927 turns).

croobank the Covert (Gnoll Delver)                  Turns: 4927, Time: 00:17:38

Health: -7/100     AC: 28    Str: 18    XL:     8   Next: 81%
Magic:  1/13       EV:  2    Int: 12    God:
Gold:   303        SH:  0    Dex: 13    Spells: 11/14 levels left

rFire   . . .      SeeInvis .   E - +0 trident
rCold   . . .      Faith    .   (no shield)
rNeg    . . .      Spirit   .   (body armour currently unavailable)
rPois   +          Reflect  .   (helmet currently unavailable)
rElec   .          Harm     .   (cloak currently unavailable)
rCorr   .          Rampage  .   (gloves currently unavailable)
Will    .....      NoTele   +   (boots currently unavailable)
Stlth   ++++......              (no amulet)
HPRegen 0.26/turn               l - +4 ring of protection
MPRegen 0.13/turn               F - +6 ring of strength

@: tree-form, hasted, very quick
A: stationary, stasis, torment immunity, boosted hp, (fangs 1), strong nose,
distributed training
a: no special abilities


You were on level 6 of the Dungeon.
You were a tree.
You visited 2 branches of the dungeon, and saw 7 of its levels.

You collected 303 gold pieces.

Inventory:

Hand Weapons
 a - a +0 hand axe
 d - a +3 dagger of venom
 s - a +0 quarterstaff
 v - a +2 vampiric dagger
 w - a +0 falchion
 z - a +0 hunting sling
 D - a +0 long sword
 E - a +0 trident (weapon)
Missiles
 f - 4 poisoned darts (quivered)
 k - 113 stones
Armour
 b - a +0 leather armour
 i - a +0 pair of gloves
 n - a +0 kite shield
 o - a +0 ring mail
 p - a +3 leather armour
 q - the +3 Mad Mage's Maulers (melded) {Infuse+∞ RegenMP Int-3}
   (You acquired it on level 4 of the Dungeon)

   It empowers its wearer's blows with all of their magic.
   It causes its wearer's magical reserves to regenerate more quickly.
   Int:       It affects your intelligence (-3).
 t - a +0 buckler
 u - a +1 pair of boots (melded)
 B - +0 steam dragon scales (melded)
Magical Staves
 j - a staff of fire
Jewellery
 l - a +4 ring of protection (left branch)
 m - a +6 ring of dexterity
 x - a ring of fire
 F - a +6 ring of strength (right branch)
Wands
 g - a wand of digging (2)
 y - a wand of iceblast (8)
Scrolls
 c - 2 scrolls of fog
Potions
 h - 3 potions of attraction
 A - a potion of mutation
 C - a potion of might {unknown}
 G - a potion of brilliance {unknown}


   Skills:
 + Level 7.5 Fighting
 + Level 3.6 Short Blades
 + Level 3.6 Long Blades
 + Level 5.9 Axes
 + Level 3.6 Maces & Flails
 + Level 3.6 Polearms
 + Level 3.6 Staves
 + Level 3.6 Slings
 + Level 3.6 Bows
 + Level 3.6 Crossbows
 + Level 3.6 Throwing
 + Level 3.6 Armour
 + Level 5.9 Dodging
 + Level 10.2 Stealth
 + Level 3.6 Shields
 + Level 3.6 Unarmed Combat
 + Level 3.6 Spellcasting
 + Level 2.9 Conjurations
 + Level 2.9 Hexes
 + Level 2.9 Summonings
 + Level 2.9 Necromancy
 + Level 2.9 Translocations
 + Level 2.9 Transmutations
 + Level 2.9 Fire Magic
 + Level 2.9 Ice Magic
 + Level 2.9 Air Magic
 + Level 2.9 Earth Magic
 + Level 2.9 Poison Magic
 + Level 4.0 Invocations
 + Level 3.6 Evocations


You had 11 spell levels left.
You knew the following spells:

 Your Spells              Type           Power      Damage    Failure   Level
a - Tukima's Dance        Hex            9%         N/A       21%         3

Your spell library contained the following spells:

 Spells                   Type           Power      Damage    Failure   Level
 Blink                    Tloc           18%        N/A       11%         2
 Ensorcelled Hibernation  Hex/Ice        18%        N/A       11%         2
 Call Canine Familiar     Summ           9%         N/A       21%         3
 Portal Projectile        Hex/Tloc       18%        N/A       21%         3
 Spider Form              Tmut/Pois      9%         N/A       21%         3
 Anguish                  Hex/Necr       4%         N/A       56%         4
 Leda's Liquefaction      Hex/Erth       4%         N/A       56%         4
 Blade Hands              Tmut           4%         N/A       88%         5
 Manifold Assault         Tloc           9%         N/A       88%         5
 Storm Form               Tmut/Air       4%         N/A       100%        7


Dungeon Overview and Level Annotations

Branches:
Dungeon (6/15)             Temple (1/1) D:4

Altars:
Ashenzari
Cheibriados
Dithmenos
Fedhas
Hepliaklqana
Kikubaaqudgha
Makhleb
Nemelex Xobeh
Okawaru
Qazlal
Ru
Trog
Uskayaw
Vehumet
Wu Jian
Xom
Yredelemnul
Zin
The Shining One

Shops:
D:4 *


Innate Abilities, Weirdness & Mutations

You are a tree.
Your roots penetrate the ground, keeping you stationary.
You cannot be teleported.
You are immune to unholy pain and torment.
Your maximum health is greatly increased.
Your equipment is partially melded.
((You have very sharp teeth.))
Your uncanny sense of smell can sniff out nearby items.
Your experience applies equally to all skills.


Message History

Aiming: Iceblast
Press: ? - help, Shift-Dir - straight line, f/p - cyclops
Aim: a cyclops, quivering large rocks (heavily wounded)
Okay, then.
Okay, then.
Really quaff the potion of lignification?
You turn into a tree.
The +3 Mad Mage's Maulers {Infuse+∞ RegenMP Int-3} melds into your body.
Your +1 pair of boots melds into your body.
Your +0 steam dragon scales melds into your body.
The surge of magic dissipates.
Your roots penetrate the ground.
The cyclops hits you!
* * * LOW HITPOINT WARNING * * *
You hit the cyclops but do no damage.
The cyclops is heavily wounded.
You hit the cyclops but do no damage.
The cyclops is heavily wounded.
The cyclops barely misses you.
You hit the cyclops but do no damage.
The cyclops is heavily wounded.
You completely miss the cyclops. You punch the cyclops.
The cyclops is heavily wounded.
The cyclops hits you but does no damage.
You hit the cyclops.
The cyclops is heavily wounded.
You hit the cyclops.
The cyclops is severely wounded.
The cyclops hits you!!
* * * LOW HITPOINT WARNING * * *
Okay, then.
Casting: Tukima's Dance (dangerous; 21% risk of failure)
Confirm with . or Enter, or press ? or * to list all spells.
Okay, then.
Okay, then.
You hit the cyclops but do no damage.
The cyclops is severely wounded.
You hit the cyclops.
The cyclops is severely wounded.
The cyclops hits you!
You die...

#.# #.##.# .###### #.# #.##.#
#....... #.# #.##.# #......#.
##.## #.##.# ##..#..... #...##
#.##.# ##..[##...#
.#.#.#######.##.## #....###.##
.....).......#...#####†###.##.##
.#.#.#######.....C......###.#.#T
#...## ##.#..♣####.#..####.##
...## #...###....†.†.....♣..
#### #.......##.#####(.####.##
#.##...###.# #..###.#.#C #<
##.## #.# #.###.##.## .. ### #.#
#.)..###.## # #.# #....##...#
#[# #.#..#..#.. #.# ..##...###.


You could see a cyclops.

Vanquished Creatures
  A manticore (D:6)
  A steam dragon (D:6)
  A water moccasin (D:4)
  2 ice beasts (D:6)
  An ogre (D:5)
  4 scorpions
  3 hounds
  Jessica (D:2)
  Natasha (D:2)
  An iguana (D:3)
  An orc wizard (D:6)
  Terence (D:2)
  6 adders
  2 worms
  4 dart slugs
  4 orcs
  4 bats
  8 endoplasms
  4 giant cockroaches
  5 goblins
  5 hobgoblins
  8 jackals
  7 kobolds
  3 quokkas
  8 ball pythons
  5 frilled lizards
  7 rats
98 creatures vanquished.

Notes
Turn   | Place    | Note
-------+----------+-------------------------------------------
     0 | D:5      | Reached skill level 9 in Stealth
     0 | D:5      | croobank the Gnoll Delver began the quest for the Orb.
     0 | D:5      | Reached XP level 1. HP: 23/23 MP: 1/1
    44 | D:4      | Found Daicyis's General Store.
    90 | D:4      | Reached XP level 2. HP: 16/29 MP: 2/2
   265 | D:3      | Noticed a scorpion
   583 | D:1      | Reached XP level 3. HP: 34/35 MP: 3/3
   785 | D:1      | Found a faded altar of an unknown god.
  1147 | D:1      | Learned a level 3 spell: Tukima's Dance
  1158 | D:2      | Noticed Jessica
  1164 | D:2      | Reached skill level 1 in Invocations
  1167 | D:2      | Killed Jessica
  1168 | D:2      | Reached skill level 1 in Short Blades
  1168 | D:2      | Reached skill level 1 in Long Blades
  1168 | D:2      | Reached skill level 1 in Maces & Flails
  1168 | D:2      | Reached skill level 1 in Polearms
  1168 | D:2      | Reached skill level 1 in Staves
  1168 | D:2      | Reached skill level 1 in Slings
  1168 | D:2      | Reached skill level 1 in Bows
  1168 | D:2      | Reached skill level 1 in Crossbows
  1168 | D:2      | Reached skill level 1 in Throwing
  1168 | D:2      | Reached skill level 1 in Armour
  1168 | D:2      | Reached skill level 1 in Shields
  1168 | D:2      | Reached skill level 1 in Unarmed Combat
  1168 | D:2      | Reached skill level 1 in Spellcasting
  1168 | D:2      | Reached skill level 1 in Evocations
  1168 | D:2      | Reached XP level 4. HP: 40/41 MP: 5/5
  1547 | D:2      | Reached skill level 1 in Conjurations
  1547 | D:2      | Reached skill level 1 in Hexes
  1547 | D:2      | Reached skill level 1 in Summonings
  1547 | D:2      | Reached skill level 1 in Necromancy
  1547 | D:2      | Reached skill level 1 in Translocations
  1547 | D:2      | Reached skill level 1 in Transmutations
  1547 | D:2      | Reached skill level 1 in Fire Magic
  1547 | D:2      | Reached skill level 1 in Ice Magic
  1547 | D:2      | Reached skill level 1 in Air Magic
  1547 | D:2      | Reached skill level 1 in Earth Magic
  1547 | D:2      | Reached skill level 1 in Poison Magic
  1552 | D:2      | Noticed Natasha
  1560 | D:2      | Killed Natasha
  1561 | D:2      | Reached XP level 5. HP: 47/47 MP: 5/7
  1598 | D:2      | Found a snail-covered altar of Cheibriados.
  2070 | D:2      | Noticed Terence
  2078 | D:2      | Killed Terence
  2572 | D:3      | Reached XP level 6. HP: 53/53 MP: 8/8
  2798 | D:4      | Identified a scroll of acquirement
  2798 | D:4      | Acquired the +3 Mad Mage's Maulers {Infuse+∞ RegenMP Int-3}
  2798 | D:4      | Found the +3 Mad Mage's Maulers {Infuse+∞ RegenMP Int-3}
  2826 | D:4      | Reached skill level 5 in Axes
  2826 | D:4      | Reached skill level 5 in Dodging
  3014 | D:4      | Found a staircase to the Ecumenical Temple.
  3038 | Temple   | Entered the Ecumenical Temple
  3296 | D:4      | Found a burning altar of Makhleb.
  3648 | D:5      | Reached XP level 7. HP: 54/59 MP: 1/10
  4318 | D:5      | Found a hide-covered altar of Uskayaw.
  4339 | D:5      | Reached skill level 10 in Stealth
  4698 | D:6      | Reached XP level 8. HP: 67/67 MP: 0/12
  4725 | D:6      | Noticed a manticore
  4754 | D:6      | Noticed a troll
  4754 | D:6      | Noticed a cyclops
  4757 | D:6      | Killed a manticore
  4925 | D:6      | HP: 5/100 [cyclops (22)]
  4927 | D:6      | Mangled by a cyclops

Illustrated notes

Levels and vault maps discovered:
D:1:      dpeg_arrival_rooms_b, layout_basic, chequers_ecumenical_altar_simple,
          hex_tiny, minivault_24, minivault_24
D:2:      layout_loops_corners, basic_altar, uniq_natasha, uniq_jessica,
          uniq_terence
D:3:      layout_basic, hex_large, minmay_circle_x
D:4:      layout_rooms, kennysheep_mini_moat, temple_fountains, serial_shops,
          shop
D:5:      layout_basic, lemuel_doored_altar
D:6:      layout_loops_ring, kb_rosetta
Temple:   minmay_crystal_spiral_temple

Skill      XL: |  1  2  3  4  5  6  7  8 |
---------------+-------------------------+-----
Stealth        | 10 | 10.2
Invocations    | 1 2 3 4 |  4.0
Short Blades   | 1 2 3 |  3.6
Long Blades    | 1 2 3 |  3.6
Maces & Flails | 1 2 3 |  3.6
Polearms       | 1 2 3 |  3.6
Staves         | 1 2 3 |  3.6
Slings         | 1 2 3 |  3.6
Bows           | 1 2 3 |  3.6
Crossbows      | 1 2 3 |  3.6
Throwing       | 1 2 3 |  3.6
Armour         | 1 2 3 |  3.6
Shields        | 1 2 3 |  3.6
Unarmed Combat | 1 2 3 |  3.6
Spellcasting   | 1 2 3 |  3.6
Evocations     | 1 2 3 |  3.6
Conjurations   | 1 2 |  2.9
Hexes          | 1 2 |  2.9
Summonings     | 1 2 |  2.9
Necromancy     | 1 2 |  2.9
Translocations | 1 2 |  2.9
Transmutations | 1 2 |  2.9
Fire Magic     | 1 2 |  2.9
Ice Magic      | 1 2 |  2.9
Air Magic      | 1 2 |  2.9
Earth Magic    | 1 2 |  2.9
Poison Magic   | 1 2 |  2.9
Axes           | 5 |  5.9
Dodging        | 5 |  5.9
Fighting       | 7 |  7.5

Action                   |  1- 3 |  4- 6 |  7- 9 || total
-------------------------+-------+-------+-------++-------
Melee: Hand axe          |     6 |       |       ||     6
       Dagger            |    30 |   120 |    39 ||   189
       Bite              |     3 |     6 |    12 ||    21
       Trident           |       |       |    24 ||    24
       Punch             |       |       |     1 ||     1
Throw: Dart              |       |       |     3 ||     3
Evoke: Wand              |     1 |       |     1 ||     2
  Use: Scroll            |     2 |     3 |     5 ||    10
       Potion            |     1 |       |     5 ||     6
 Stab: Sleeping          |    11 |    31 |     5 ||    47
Armor: Leather armour    |     2 |    28 |    29 ||    59
       Skin              |       |       |     1 ||     1
Dodge: Dodged            |    14 |    50 |    45 ||   109

Table legend: (Time is in decaauts)
 A = Elapsed time spent in this place.
 B = Non-inter-level travel time spent in this place.
 C = Inter-level travel time spent in this place.
 D = Time resting spent in this place.
 E = Time spent auto-exploring this place.
 F = Levels seen in this place.
 G = Mean time per level.
                   A        B        C        D        E       F      G
               +--------+--------+--------+--------+--------+-----+--------+
         Total |   4889 |   4671 |    218 |    423 |   2931 |   7 |  698.4 |
       Dungeon |   4677 |   4543 |    134 |    423 |   2819 |   6 |  779.5 |
        Temple |    211 |    127 |     84 |      0 |    112 |   1 |  211.0 |
               +--------+--------+--------+--------+--------+-----+--------+

Top non-repeatable levels by time:
     D:4: 1030 daAuts
     D:2: 949 daAuts
     D:1: 770 daAuts
     D:3: 755 daAuts
     D:5: 755 daAuts
     D:6: 416 daAuts
  Temple: 211 daAuts
